 Dungeon Crawl Stone Soup version 0.28-a0-1142-gc8569940dd (webtiles) character file.

Game seed: 8915563437893486376

60 Essalna the Firebug (level 3, -1/24 HPs)
             Began as a Demonspawn Fire Elementalist on Dec 13, 2021.
             Slain by a hobgoblin (3 damage)
             ... on level 3 of the Dungeon.
             The game lasted 00:04:19 (2893 turns).

Essalna the Firebug (Demonspawn Fire Elementalist)  Turns: 2893, Time: 00:04:19

Health: -1/24      AC:  4    Str:  8    XL:     3   Next: 82%
Magic:  4/7        EV: 12    Int: 18    God:
Gold:   111        SH:  0    Dex: 13    Spells: 6/7 levels left

rFire   . . .      SeeInvis .   (no weapon)
rCold   . . .      Faith    .   (no shield)
rNeg    . . .      Spirit   .   a - +1 robe
rPois   .          Reflect  .   (no helmet)
rElec   .          Harm     .   (no cloak)
rCorr   .          Rampage  .   (no gloves)
Will    .....                   (no boots)
Stlth   ++........              (no amulet)
HPRegen 0.08/turn               (no ring)
MPRegen 0.10/turn               (no ring)

@: no status effects
A: powered by death 1, sharp scales 1
a: no special abilities


You were on level 3 of the Dungeon.
You visited 1 branch of the dungeon, and saw 3 of its levels.

You collected 111 gold pieces.

Inventory:

Armour
 a - a +1 robe (worn)
Jewellery
 c - a ring of fire
Scrolls
 b - 2 scrolls of identify
 g - a scroll of enchant weapon
Potions
 d - 4 potions of attraction
 i - a potion of magic {unknown}
 j - a potion of degeneration {unknown}


   Skills:
 - Level 1.7 Dodging
 - Level 1.7 Stealth
 + Level 2.8 Spellcasting
 + Level 2.2 Conjurations
 + Level 3.3 Fire Magic


You had 6 spell levels left.
You knew the following spells:

 Your Spells              Type           Power      Damage    Failure   Level
a - Foxfire               Conj/Fire      48%        2x1d6     5%          1

Your spell library contained the following spells:

 Spells                   Type           Power      Damage    Failure   Level
 Scorch                   Fire           28%        2d6       6%          2
 Conjure Flame            Conj/Fire      12%        6-21      16%         3
 Passwall                 Tmut/Erth      1%         N/A       26%         2
 Inner Flame              Hex/Fire       8%         N/A       26%         3
 Swiftness                Air            2%         N/A       45%         3
 Flame Wave               Conj/Fire      12%        2d5       47%         4


Dungeon Overview and Level Annotations

Branches:
Dungeon (3/15)

Altars:


Innate Abilities, Weirdness & Mutations

You regenerate a little health from kills.
You are partially covered in razor-sharp scales. (AC +1, Slay +1)


Message History

The foxfire hits the river rat but does no damage.
The river rat is severely wounded.
The foxfire hits the river rat.
The river rat is almost dead.
The river rat bites you! The river rat barely misses you.
The river rat misses you. The river rat barely misses you.
The river rat misses you.
The river rat bites you but does no damage.
Found a scroll labelled HACEIV UT WYI.
A hobgoblin comes into view.
Casting: Foxfire (safe; 5% risk of failure)
Confirm with . or Enter, or press ? or * to list all spells.
You conjure some foxfire!
The hobgoblin shouts!
The river rat bites you.
You hit the river rat but do no damage.
The river rat is almost dead.
The foxfire hits the river rat but does no damage.
The river rat is almost dead.
The foxfire hits the river rat.
You kill the river rat!
Casting: Foxfire (safe; 5% risk of failure)
Confirm with . or Enter, or press ? or * to list all spells.
You conjure some foxfire!
The foxfire hits the river rat but does no damage.
The river rat is moderately wounded.
The foxfire hits the river rat but does no damage.
The river rat is moderately wounded.
The river rat bites you. x2
* * * LOW HITPOINT WARNING * * *
The river rat bites you.
* * * LOW HITPOINT WARNING * * *
The river rat completely misses you. The hobgoblin barely misses you.
The hobgoblin hits you.
* * * LOW HITPOINT WARNING * * *
The hobgoblin closely misses you.
There is a stone staircase leading down here.
The hobgoblin hits you.
You die...

#.. #.. .. #.. .. #.
#.# .# # .. ##.##
#.#.# #.##...##...#
#.........#.##..
##.##...##...#..#
........@g.......#.##
.##
##########.#.........
..# #.#...##.#.# #.#
#r#...##.#.# #.#
##.#......#?# #.#
#...#.##$.#.# #.#
#.#.......#.###..
#<..#............
##########.######


You could see a hobgoblin.

Vanquished Creatures
  A river rat (D:3)
  An ufetubus (D:2)
  A dart slug (D:1)
  3 bats
  4 endoplasms
  4 giant cockroaches
  4 goblins
  5 hobgoblins
  3 kobolds
  4 quokkas
  4 ball pythons
  2 frilled lizards
  5 rats
41 creatures vanquished.

Vanquished Creatures (collateral kills)
  6 foxfires (D:1)
6 creatures vanquished.

Vanquished Creatures (others)
  145 foxfires
145 creatures vanquished.

Grand Total: 192 creatures vanquished

Notes
Turn   | Place    | Note
-------+----------+-------------------------------------------
     0 | D:1      | Essalna the Demonspawn Fire Elementalist began the quest
                  | for the Orb.
     0 | D:1      | Reached XP level 1. HP: 13/13 MP: 3/3
   323 | D:1      | Gained mutation: You are partially covered in razor-sharp
                  | scales. (AC +1, Slay +1) [demonic ancestry]
   323 | D:1      | Reached XP level 2. HP: 17/19 MP: 1/5
   599 | D:1      | Found a faded altar of an unknown god.
  1013 | D:1      | Reached skill level 3 in Fire Magic
  1606 | D:2      | Gained mutation: You regenerate a little health from kills.
                  | [demonic ancestry]
  1606 | D:2      | Reached XP level 3. HP: 19/24 MP: 1/6
  2881 | D:3      | HP: 1/24 [hobgoblin (2)]
  2893 | D:3      | Slain by a hobgoblin

Illustrated notes

Levels and vault maps discovered:
D:1:      lightli_arrival_farm, layout_loops_corners,
          dreamdust_ecumenical_altar_grove
D:2:      layout_loops_cross, minmay_misc_feat_tower
D:3:      layout_loops_ring, mainiacjoe_overflow_catwalk, portal_sewer_entry_e

Skill      XL: |  1  2  3 |
---------------+----------+-----
Fire Magic     | 3 |  3.3
Conjurations   | 2 |  2.2
Dodging        | |  1.7
Stealth        | |  1.7
Spellcasting   | |  2.8

Action                   || total
-------------------------++-------
Melee: Unarmed           ||    63
 Cast: Foxfire           ||   105
  Use: Scroll            ||     6
Armor: Robe              ||    25
Dodge: Dodged            ||    70

Table legend: (Time is in decaauts)
 A = Elapsed time spent in this place.
 B = Non-inter-level travel time spent in this place.
 C = Inter-level travel time spent in this place.
 D = Time resting spent in this place.
 E = Time spent auto-exploring this place.
 F = Levels seen in this place.
 G = Mean time per level.
                   A        B        C        D        E       F      G
               +--------+--------+--------+--------+--------+-----+--------+
         Total |   2902 |   2814 |     88 |      0 |   2409 |   3 |  967.3 |
       Dungeon |   2902 |   2814 |     88 |      0 |   2409 |   3 |  967.3 |
               +--------+--------+--------+--------+--------+-----+--------+

Top non-repeatable levels by time:
     D:1: 1746 daAuts
     D:2: 1068 daAuts
     D:3: 87 daAuts
